 Dungeon Crawl Stone Soup version 0.21-a0-513-gdcb3f5e (webtiles) character file.

296 BingusPrime the Slasher (level 6, -2/49 HPs)
             Began as a Barachi Fighter on Dec 1, 2017.
             Slain by an orc warrior
             ... wielding a +0 battleaxe
              (6 damage)
             ... on level 4 of the Dungeon.
             The game lasted 00:07:15 (2969 turns).

BingusPrime the Slasher (Barachi Fighter)           Turns: 2969, Time: 00:07:15

Health: -2/49      AC:  7    Str: 22    XL:     6   Next: 34%
Magic:  6/6        EV:  8    Int:  9    God:
Gold:   88         SH: 10    Dex: 13    Spells: 5/5 levels left

rFire    . . .     SeeInvis .   a - +0 long sword
rCold    . . .     Gourm    .   c - +0 shield
rNeg     . . .     Faith    .   b - +0 scale mail
rPois    .         Spirit   .   (no helmet)
rElec    .         Reflect  .   (no cloak)
rCorr    .         Harm     .   (no gloves)
MR       .....                  (no boots)
Stlth    ..........             (no amulet)
HPRegen  0.16/turn              (no ring)
MPRegen  0.10/turn              (no ring)

@: mighty, slow
A: +LOS, swims, slowness 1, strong legs 1
a: Hop


You were on level 4 of the Dungeon.
You were not hungry.

You visited 1 branch of the dungeon, and saw 4 of its levels.

You collected 88 gold pieces.

Inventory:

Hand Weapons
 a - a +0 long sword (weapon)
 n - a +0 hand axe
Missiles
 l - 6 exploding tomahawks (quivered)
 s - 25 bolts
 v - 4 tomahawks
Armour
 b - a +0 scale mail (worn)
 c - a +0 shield (worn)
Scrolls
 g - 7 scrolls of identify {unknown}
 h - 3 scrolls of remove curse {unknown}
 i - a scroll of blinking {unknown}
 j - a scroll of enchant weapon {unknown}
 m - a scroll of fear {unknown}
 p - a scroll of magic mapping {unknown}
 q - a scroll of enchant armour {unknown}
Potions
 d - a potion of might
 e - 2 potions of flight {unknown}
 k - a potion of magic {unknown}
 o - 2 potions of curing {unknown}
 t - a potion of heal wounds {unknown}
 u - a potion of haste {unknown}
Comestibles
 f - 2 bread rations
 r - 3 fruits
 w - 2 chunks of flesh


   Skills:
 * Level 4.4 Fighting
 * Level 5.9 Long Blades
 + Level 4.6 Armour
 + Level 1.5 Dodging
 + Level 0.1 Stealth
 + Level 3.9 Shields


You had 5 spell levels left.
You didn't know any spells.

Dungeon Overview and Level Annotations

Branches:
Dungeon (4/15)
 Temple: D:4-7

Altars:
Fedhas
Qazlal
Wu Jian


Innate Abilities, Weirdness & Mutations

Shadows flee at your approach. (+LOS)
You can swim through water.
You cover ground slowly.
You can hop short distances.


Message History

The orc warrior hits you with a battleaxe!
You slash the orc warrior!
The orc warrior is severely wounded.
An orc comes into view.
It is wielding a war axe of electrocution.
The orc shouts!
You slash the orc warrior!
The orc warrior is almost dead.
You hear a shout! x2
The orc warrior hits you with a battleaxe!
You hit the orc warrior but do no damage.
The orc warrior is almost dead.
The orc warrior hits you with a battleaxe.
* * * LOW HITPOINT WARNING * * *
You hit the orc warrior but do no damage.
The orc warrior is almost dead.
The orc warrior hits you with a battleaxe!
* * * LOW HITPOINT WARNING * * *
You feel very mighty all of a sudden.
The orc warrior hits you with a battleaxe.
You die...

........ ......
#.... #...# ##. ##
#...# ##...#<# #...#
#......o#######...#
#.oo@....#...###
#.o#####.......# #..
####.##.##.######
....
#....##.##......#
####.
#.#.........###.#
#.##>##....##.####.#
#.....).##.##.#.....
###..)#.......#<##.#
#<..####.####.##..


You could see an orc warrior and 3 orcs.

Vanquished Creatures
  The ghost of BingusPrime the Poker, an amateur MfGl (D:3)
  Jessica (D:2)
  A hound skeleton (D:3)
  4 adders
  An ooze (D:4)
  3 worms
  3 dart slugs
  A leopard gecko (D:2)
  8 orcs
  4 ball pythons
  3 giant cockroaches
  6 goblins
  10 hobgoblins
  2 quokkas
  9 bats
  3 frilled lizards
  7 kobolds
  7 rats
74 creatures vanquished.

Notes
Turn   | Place    | Note
-------+----------+-------------------------------------------
     0 | D:1      | BingusPrime the Barachi Fighter began the quest for the Orb.
     0 | D:1      | Reached XP level 1. HP: 18/18 MP: 1/1
   299 | D:1      | Reached XP level 2. HP: 23/24 MP: 2/2
   469 | D:1      | Reached skill level 3 in Long Blades
   588 | D:1      | Reached XP level 3. HP: 30/30 MP: 3/3
   944 | D:2      | Found an ornate altar of the Wu Jian Council.
  1336 | D:2      | Reached XP level 4. HP: 36/37 MP: 4/4
  1349 | D:2      | Reached skill level 4 in Long Blades
  1370 | D:2      | Noticed Jessica
  1376 | D:2      | Killed Jessica
  1993 | D:3      | Reached skill level 1 in Dodging
  1993 | D:3      | Reached XP level 5. HP: 42/42 MP: 5/5
  2070 | D:3      | Found a stormy altar of Qazlal.
  2077 | D:3      | Found a blossoming altar of Fedhas.
  2214 | D:3      | Noticed BingusPrime's ghost (amateur MfGl)
  2228 | D:3      | Killed BingusPrime's ghost
  2228 | D:3      | Reached skill level 5 in Long Blades
  2228 | D:3      | Reached XP level 6. HP: 29/49 MP: 6/6
  2957 | D:4      | Noticed an orc warrior
  2969 | D:4      | Slain by an orc warrior

Vault maps used:
D:1:      dpeg_arrival_stone_temple_mockup
D:2:      lemuel_crystal_altar, minivault_23, uniq_jessica
D:3:      grunt_temple_overflow_forces_of_nature, first_bread, minivault_26
D:4:      old_forge, minmay_temple_entry_enclosed_plants

Skill      XL: |  1  2  3  4  5 |
---------------+----------------+-----
Armour         | 4 |  4.6
Long Blades    | 3 4 5 |  5.9
Fighting       | 4 |  4.4
Dodging        | 1 |  1.5
Stealth        | |  0.1
Shields        | |  3.9

Action                   |  1- 3 |  4- 6 || total
-------------------------+-------+-------++-------
Melee: Long sword        |   117 |   141 ||   258
  Use: Potion            |       |     2 ||     2
  Eat: Chunk             |     2 |     4 ||     6
       Royal jelly       |       |     1 ||     1
Armor: Scale mail        |    63 |    52 ||   115
Dodge: Dodged            |    39 |    45 ||    84
Block: Shield            |    52 |    74 ||   126
       Rpst.: Long sword |    10 |    13 ||    23

Table legend:
 A = Spawn XP
 B = Non-spawn XP
 C = Spawn XP percentage of total XP
 D = Spawn monster count
 E = Non-spawn monster count
 F = Spawn count percentage of total count
 G = Total turns spent on level
                    A         B        C        D         E        F      G
               +---------+---------+-------+---------+---------+-------+---------
         Total |       0 |     423 |   0.0 |       0 |      74 |   0.0 |  2969
               +---------+---------+-------+---------+---------+-------+---------
           D:1 |       0 |      43 |   0.0 |       0 |      26 |   0.0 |   792
           D:2 |       0 |      96 |   0.0 |       0 |      23 |   0.0 |   992
           D:3 |       0 |     262 |   0.0 |       0 |      19 |   0.0 |  1054
           D:4 |       0 |      22 |   0.0 |       0 |       6 |   0.0 |   131
               +---------+---------+-------+---------+---------+-------+---------
